 Dungeon Crawl Stone Soup version 0.29-a0-222-g5b244fca1f (webtiles) character file.

Game seed: 4690287024729947691

10065 Ekain06 the Basher (level 11, -6/90 HPs)
             Began as a Minotaur Fighter on Feb 26, 2022.
             Was an Elder of the Shining One.
             Mangled by an ice devil (7 damage)
             ... on level 2 of the Lair of Beasts on Feb 27, 2022.
             The game lasted 02:04:48 (10660 turns).

Ekain06 the Basher (Minotaur Fighter)              Turns: 10660, Time: 02:04:49

Health: -6/90      AC: 18    Str: 33    XL:     11   Next: 31%
Magic:  7/9        EV:  8    Int:  8    God:    the Shining One [****..]
Gold:   590        SH: 12    Dex:  8    Spells: 10/10 levels left

rFire   + . .      SeeInvis +   a - +2 flail
rCold   + . .      Faith    .   c - +0 buckler
rNeg    + + .      Spirit   .   y - +0 plate armour
rPois   +          Reflect  .   K - +2 hat {Int+3}
rElec   +          Harm     .   (no cloak)
rCorr   +          Rampage  .   P - +0 pair of gloves
Will    .....                   (no boots)
Stlth   ..........              (no amulet)
HPRegen 0.25/turn               q - ring of protection from fire
MPRegen 0.11/turn               N - ring of Itaocin {rElec rF- Str+8 Dex-2 SInv}

@: mighty, divinely shielded, about to teleport, resistant, slowed, glowing,
very slow
A: horns 2, retaliatory headbutt, frail 1, low MP 1, screaming 1, no potion heal
1
a: Renounce Religion, Divine Shield, Cleansing Flame


You were on level 2 of the Lair of Beasts.
You worshipped the Shining One.
The Shining One was greatly pleased with you.
You visited 3 branches of the dungeon, and saw 11 of its levels.
You also visited: Sewer and Ossuary.

You collected 590 gold pieces.

Inventory:

Hand Weapons
 a - a +2 flail (weapon)
 b - a +2 hunting sling of freezing
 o - a +0 trident
 t - a +2 dagger of venom
 u - a +0 spear
 x - a +1 short sword of venom
 B - a +3 long sword
 C - a +0 vorpal spear
 O - a +0 dagger
 S - a +3 halberd
 U - a +1 vampiric falchion
Missiles
 e - 22 poisoned darts (quivered)
 g - 265 stones
 p - 10 boomerangs
 D - 6 boomerangs of dispersal
Armour
 c - a +0 buckler (worn)
 i - a +0 robe
 l - a +0 chain mail
 m - a +0 leather armour
 n - a +0 helmet
 y - a +0 plate armour (worn)
 A - a +0 scale mail of fire resistance
 H - the +3 leather armour of the Volcano {rElec rC+ rCorr}
   (You found it on level 6 of the Dungeon)

   rC:        It protects you from cold.
   rElec:     It insulates you from electricity.
   rCorr:     It protects you from acid and corrosion.
 K - a +2 hat of intelligence (worn)
 P - a +0 pair of gloves (worn)
Magical Staves
 T - a staff of fire
Jewellery
 d - a +6 ring of intelligence
 h - a ring of protection from fire
 q - a ring of protection from fire (left hand)
 N - the ring of Itaocin (right hand) {rElec rF- Str+8 Dex-2 SInv}
   (You found it in a sewer)

   [ring of see invisible]

   Str:       It affects your strength (+8).
   Dex:       It affects your dexterity (-2).
   rF:        It makes you vulnerable to fire.
   rElec:     It insulates you from electricity.
   SInv:      It lets you see invisible.
 R - an amulet of magic regeneration
 V - a ring of see invisible
Wands
 s - a wand of polymorph (19)
 z - a wand of paralysis (6)
 M - a wand of flame (3)
Scrolls
 f - 2 scrolls of fog
 j - 11 scrolls of identify
 r - 6 scrolls of teleportation
 G - a scroll of amnesia
Potions
 k - 2 potions of flight
 v - 3 potions of degeneration
 w - a potion of haste
 E - 4 potions of curing
 F - a potion of might
 J - 2 potions of heal wounds
 L - 9 potions of ambrosia
 Q - a potion of lignification


   Skills:
 + Level 10.5 Fighting
 + Level 13.6 Maces & Flails
 + Level 2.5 Throwing
 + Level 10.4 Armour
 + Level 2.4 Dodging
 + Level 0.5 Stealth
 + Level 8.0 Shields
 + Level 1.3 Invocations
 + Level 1.5 Evocations


You had 10 spell levels left.
You didn't know any spells.
Your spell library contained the following spells:

 Spells                   Type           Power      Damage    Failure   Level
 Sting                    Tmut/Pois      0%         1d3       97%         1
 Blink                    Tloc           0%         N/A       99%         2
 Corpse Rot               Necr/Air       0%         N/A       99%         2
 Poisonous Vapours        Pois/Air       0%         N/A       99%         2
 Ozocubu's Armour         Ice            0%         N/A       100%        3
 Cause Fear               Hex            0%         N/A       100%        4
 Olgreb's Toxic Radiance  Pois           0%         N/A       100%        4
 Petrify                  Tmut/Erth      0%         N/A       100%        4
 Manifold Assault         Tloc           0%         N/A       100%        5
 Metabolic Englaciation   Hex/Ice        0%         N/A       100%        5
 Simulacrum               Ice/Necr       0%         N/A       100%        6
 Statue Form              Tmut/Erth      0%         N/A       100%        6
 Dragon Form              Tmut           0%         N/A       100%        7
 Storm Form               Tmut/Air       0%         N/A       100%        7
 Dragon's Call            Summ           0%         N/A       100%        9


Dungeon Overview and Level Annotations

Branches:
Dungeon (8/15)             Temple (1/1) D:4            Lair (2/6) D:8
  Sewer (visited)         Ossuary (visited)
  Swamp: Lair:2-4    Shoals: Lair:2-4     Snake: Lair:2-4    Spider: Lair:2-4

Altars:
Ashenzari
Cheibriados
Dithmenos
Elyvilon
Fedhas
Gozag
Hepliaklqana
Kikubaaqudgha
Makhleb
Nemelex Xobeh
Okawaru
Qazlal
Ru
Sif Muna
Trog
Uskayaw
Vehumet
Wu Jian
Xom
Zin
The Shining One

Shops:
D:2 (   D:4 :

Annotations:
D:7 2 transporters, r33k's ghost, novice MiBe


Innate Abilities, Weirdness & Mutations

You have a pair of horns on your head.
You reflexively headbutt those who attack you in melee.
You are frail. (-10% HP)
Your magical capacity is low. (-10% MP)
You occasionally shout uncontrollably at your foes.
Potions are less effective at restoring your health.


Message History

The rime drake bites you but does no damage.
The ice devil barely misses you. The rime drake closely misses you.
You sock the rime drake!
You kill the rime drake!
The ice devil hits you but does no damage.
A polar bear comes into view.
Aiming: Throw Flame
Press: ? - help, Q - select action, (/) - cycle Shift-Dir - straight line, f - death yak simulacrum
Aim: a death yak simulacrum (severely damaged, haloed, 100% to hit)
The puff of flame hits the ice devil!
The ice devil is burned terribly!
The ice devil is moderately wounded.
The polar bear barely misses you. You furiously retaliate!
You headbutt the polar bear.
The polar bear claws you but does no damage. x2
You block the ice devil's attack. The polar bear bites you!
* * * LOW HITPOINT WARNING * * *
You block the polar bear's attack.
The polar bear claws you but does no damage.
The bog body gestures at you while chanting.
The bolt of cold hits the ice devil.
The ice devil completely resists.
The bolt of cold misses you. The ice devil hits you.
* * * LOW HITPOINT WARNING * * *
The ice devil freezes you. You resist.
* * * LOW HITPOINT WARNING * * *
Your system partially rejects the healing.
You feel much better. The polar bear bites you.
* * * LOW HITPOINT WARNING * * *
You block the polar bear's attack. The polar bear barely misses you.
The bog body casts a spell at you.
The bolt of cold hits the ice devil.
The ice devil completely resists.
The bolt of cold hits you! You resist.
* * * LOW HITPOINT WARNING * * *
The ice devil barely misses you.
As you read the scroll of teleportation, it crumbles to dust.
You feel strangely unstable. You block the polar bear's attack.
The polar bear claws you but does no damage.
You block the polar bear's attack. The ice devil hits you.
* * * LOW HITPOINT WARNING * * *
The ice devil freezes you! You resist.
You die...

........... ≈≈≈......≈
≈≈≈≈≈≈≈≈≈≈ ≈≈≈≈≈≈≈≈≈
≈Z≈4≈≈≈≈≈ #. #..Z....≈
#.# .. #######Zh.....#
#..#.. ##..#.##4YP.#
#...#.# #P[...@4n.P##
#P..... ##...##h5.##
#P....####....##..#
.#......##....##.....
..............P###.##.#
.PP.....P##.#.## .. ...
.###.#..###.#.#######.###
#P.#...###...#.#.#....#
#.#.###P............##


You could see 2 polar bears, 2 ice devils, a bog body, a yak, a white imp and a
naga simulacrum.

Vanquished Creatures
  A hydra (Lair:1)
  A komodo dragon (D:7)
  3 cane toads (Lair:1)
  2 rime drakes (Lair:2)
  A polar bear (Lair:2)
  A queen bee (Lair:1)
  A troll (D:5)
  Grinder (D:6)
  3 yaks (Lair:1)
  4 water moccasins
  A harpy simulacrum (Lair:2)
  2 orc warriors (D:8)
  2 ice beasts (D:6)
  4 sky beasts
  2 necrophages
  11 black bears
  2 wolves (Lair:1)
  5 centaurs
  2 ogres
  A phantom (D:6)
  Blork the orc (D:4)
  7 bullfrogs
  A scorpion (D:5)
  4 water moccasin zombies (Ossuary)
  3 wights (D:6)
  25 killer bees (Lair:1)
  7 howler monkeys
  A jelly (D:6)
  A gnoll shaman (D:7)
  5 orc priests
  4 hounds
  Jessica (D:2)
  Natasha (thrice) (D:2)
  6 iguanas
  3 orc wizards
  A troll simulacrum (Lair:2)
  2 mummies (Ossuary)
  7 gnolls
  13 adders
  A shadow imp (D:7)
  3 white imps
  5 adder zombies (Ossuary)
  4 worms
  2 dart slugs
  27 orcs
  14 ball pythons
  4 bats
  5 endoplasms
  10 giant cockroaches
  9 goblins
  2 hobgoblins (D:4)
  11 kobolds
  10 quokkas
  11 frilled lizards
  A gnoll zombie (Ossuary)
  9 hobgoblin zombies (Ossuary)
  4 kobold zombies (Ossuary)
  5 orc zombies (Ossuary)
  4 rats
286 creatures vanquished.

Vanquished Creatures (others)
  4 fungi
  16 plants
20 creatures vanquished.

Grand Total: 306 creatures vanquished

Notes
Turn   | Place    | Note
-------+----------+-------------------------------------------
     0 | D:1      | Ekain06 the Minotaur Fighter began the quest for the Orb.
     0 | D:1      | Reached XP level 1. HP: 19/19 MP: 0/0
   231 | D:1      | Found a faded altar of an unknown god.
   525 | D:1      | Reached XP level 2. HP: 27/27 MP: 1/1
   827 | D:1      | Reached XP level 3. HP: 33/33 MP: 2/2
  1037 | D:2      | Reached skill level 3 in Maces & Flails
  1139 | D:2      | Noticed Jessica
  1151 | D:2      | Killed Jessica
  1152 | D:2      | Reached skill level 4 in Maces & Flails
  1152 | D:2      | Reached XP level 4. HP: 24/40 MP: 3/3
  1327 | D:2      | Found Goadeleq's Weapon Shoppe.
  1631 | D:2      | Noticed Natasha
  1641 | D:2      | Killed Natasha
  1653 | D:2      | Noticed Natasha
  1879 | D:2      | Killed Natasha
  1880 | D:2      | Reached XP level 5. HP: 35/47 MP: 4/4
  2008 | D:2      | Noticed Natasha
  2016 | D:2      | Killed Natasha
  2654 | D:3      | Reached skill level 5 in Maces & Flails
  2923 | D:3      | Found a shimmering blue altar of Sif Muna.
  3163 | D:3      | Upgraded the game from 0.29-a0-221-gceb61267dd to
                  | 0.29-a0-222-g5b244fca1f
  3189 | D:4      | Found a staircase to the Ecumenical Temple.
  3214 | Temple   | Entered the Ecumenical Temple
  3350 | Temple   | Became a worshipper of the Shining One
  3481 | D:4      | Noticed Blork the orc
  3494 | D:4      | Killed Blork the orc
  3495 | D:4      | Reached skill level 5 in Fighting
  3495 | D:4      | Reached skill level 5 in Armour
  3495 | D:4      | Reached XP level 6. HP: 26/56 MP: 5/5
  4065 | D:4      | Found Zofi's Book Shoppe.
  4154 | D:4      | Found a white marble altar of Elyvilon.
  4154 | D:4      | Found an ornate altar of the Wu Jian Council.
  4165 | D:4      | Reached skill level 6 in Maces & Flails
  4360 | D:5      | Entered Level 5 of the Dungeon
  4361 | D:5      | Noticed a sky beast
  4369 | D:5      | Killed a sky beast
  4370 | D:5      | Reached XP level 7. HP: 51/61 MP: 6/6
  4515 | D:5      | Reached skill level 7 in Maces & Flails
  4531 | D:5      | Reached skill level 1 in Throwing
  4654 | D:5      | Reached skill level 1 in Dodging
  4994 | D:5      | Reached XP level 8. HP: 59/70 MP: 7/7
  4999 | D:5      | Reached * piety under the Shining One
  5167 | D:5      | Reached skill level 8 in Maces & Flails
  5306 | D:5      | Noticed a troll
  5309 | D:5      | Killed a troll
  5310 | D:5      | Reached skill level 5 in Shields
  5527 | D:5      | Found a broken altar of Ashenzari.
  5600 | D:5      | Reached skill level 9 in Maces & Flails
  5896 | D:6      | Reached XP level 9. HP: 75/79 MP: 8/8
  5961 | D:6      | Found a snail-covered altar of Cheibriados.
  6057 | D:6      | Reached skill level 10 in Maces & Flails
  6088 | D:6      | Noticed Grinder
  6093 | D:6      | Killed Grinder
  6094 | D:6      | Found a sand-covered staircase.
  6105 | D:6      | Identified the +3 leather armour of the Volcano {rElec rC+
                  | rCorr}
  6138 | Ossuary  | Entered an ossuary
  6155 | Ossuary  | Reached ** piety under the Shining One
  6163 | Ossuary  | Reached skill level 1 in Invocations
  6211 | Ossuary  | Reached *** piety under the Shining One
  6418 | D:6      | Found a glowing drain.
  6427 | Sewer    | Entered a sewer
  6645 | Sewer    | Identified the ring of Itaocin {rElec rF- Str+8 Dex-2 SInv}
  6843 | D:6      | Reached **** piety under the Shining One
  6844 | D:6      | Reached skill level 11 in Maces & Flails
  6875 | D:7      | Found a transporter.
  6932 | D:7      | Found a transporter.
  7180 | D:7      | Gained mutation: Your magical capacity is low. (-10% MP)
                  | [potion of mutation]
  7180 | D:7      | Gained mutation: Your spells are a little harder to cast,
                  | but a little more powerful. [potion of mutation]
  7180 | D:7      | Gained mutation: You occasionally shout uncontrollably at
                  | your foes. [potion of mutation]
  7180 | D:7      | Gained mutation: You are somewhat resistant to further
                  | mutation. [potion of mutation]
  7737 | D:7      | Noticed a komodo dragon
  7748 | D:7      | Killed a komodo dragon
  7749 | D:7      | Reached XP level 10. HP: 89/90 MP: 8/8
  7760 | D:7      | Lost mutation: Your spells are a little harder to cast, but
                  | a little more powerful. [potion of mutation]
  7760 | D:7      | Lost mutation: You are somewhat resistant to further
                  | mutation. [potion of mutation]
  7760 | D:7      | Gained mutation: You are frail. (-10% HP) [potion of
                  | mutation]
  7760 | D:7      | Gained mutation: Potions are less effective at restoring
                  | your health. [potion of mutation]
  7766 | D:7      | Noticed r33k's ghost (novice MiBe)
  7989 | D:8      | Reached skill level 12 in Maces & Flails
  8092 | D:8      | Found a staircase to the Lair.
  8409 | Lair:1   | Entered Level 1 of the Lair of Beasts
  8410 | Lair:1   | Noticed a four-headed hydra
  8421 | Lair:1   | Killed a four-headed hydra
  9078 | Lair:1   | Noticed a cane toad
  9086 | Lair:1   | Killed a cane toad
  9091 | Lair:1   | Reached skill level 1 in Evocations
  9328 | Lair:1   | Reached skill level 13 in Maces & Flails
  9514 | Lair:1   | Reached XP level 11. HP: 46/89 MP: 5/9
  9708 | Lair:1   | Reached skill level 10 in Armour
 10132 | Lair:1   | Reached skill level 10 in Fighting
 10639 | Lair:2   | Noticed a bog body
 10660 | Lair:2   | HP: 1/90 [ice devil (5)]
 10660 | Lair:2   | Mangled by an ice devil

Illustrated notes

Levels and vault maps discovered:
D:1:      psy_arrival_statuary, layout_rooms,
          hellmonk_ecumenical_altar_crossroads, minmay_tromino_v4_a
D:2:      layout_rooms, serial_shops, nicolae_diamond_shop,
          kennysheep_jessica_study, uniq_natasha
D:3:      layout_loops_ring, nicolae_overflow_hidden_temple,
          guppyfry_early_lair_pool
D:4:      layout_loops_ring, gammafunk_temple_overflow_pools,
          minmay_temple_entry_stoned_glass, serial_shops, kennysheep_mini,
          hangedman_feature_mirror, kennysheep_path_1, uniq_blork_the_orc
D:5:      cheibrodos_barr_body, layout_rooms, mainiacjoe_overflow_alcove_1,
          minmay_tree_intersection
D:6:      layout_rooms, amcnicky_altar_gilded, enter_ossuary_1,
          portal_sewer_entry_d, kennysheep_small_square, uniq_grinder
D:7:      layout_basic, gammafunk_ghost_gnarly_gnolls
D:8:      layout_basic, dpeg_oklobed_lair, minivault_21
Temple:   regret_index_temple_sphere_string
Lair:1:   layout_roguey [special_room_bee], minivault_24, beast_lair_carwin_8,
          grunt_megastairs_4
Lair:2:   dreamdust_isle_of_ice, layout_loops_ring, nicolae_lair_lakeside_cave

Skill      XL: |  1  2  3  4  5  6  7  8  9 10 11 |
---------------+----------------------------------+-----
Fighting       | 4 5 6 7 8 9 10 | 10.5
Armour         | 4 5 6 7 8 9 10 | 10.4
Shields        | 4 5 6 7 8 |  8.0
Maces & Flails | 4 5 6 7 9 11 13 | 13.6
Throwing       | 1 2 |  2.5
Dodging        | 1 2 |  2.4
Invocations    | 1 |  1.3
Evocations     | 1 |  1.5
Stealth        | |  0.5

Action                   |  1- 3 |  4- 6 |  7- 9 | 10-12 || total
-------------------------+-------+-------+-------+-------++-------
Melee: Flail             |    79 |   144 |   323 |   214 ||   760
       Headbutt          |    15 |    22 |    70 |    44 ||   151
Throw: Stone             |       |     4 |       |       ||     4
       Dart              |       |     6 |     6 |     1 ||    13
       Boomerang         |       |       |     3 |       ||     3
Invok: Divine Shield     |       |       |     2 |     3 ||     5
Evoke: Wand              |       |       |       |    10 ||    10
  Use: Potion            |     5 |     6 |     6 |     8 ||    25
       Scroll            |     1 |     6 |     6 |     4 ||    17
Armor: Scale mail        |    36 |     2 |       |       ||    38
       Chain mail        |       |    46 |    21 |       ||    67
       Plate armour      |       |       |   131 |   147 ||   278
Dodge: Dodged            |    29 |    40 |    97 |   103 ||   269
Block: Buckler           |    16 |    22 |    76 |    63 ||   177

Table legend: (Time is in decaauts)
 A = Elapsed time spent in this place.
 B = Non-inter-level travel time spent in this place.
 C = Inter-level travel time spent in this place.
 D = Time resting spent in this place.
 E = Time spent auto-exploring this place.
 F = Levels seen in this place.
 G = Mean time per level.
                   A        B        C        D        E       F      G
               +--------+--------+--------+--------+--------+-----+--------+
         Total |  10718 |  10675 |     43 |   3814 |   3269 |  13 |  824.5 |
       Dungeon |   7917 |   7874 |     43 |   2606 |   2670 |   8 |  989.6 |
        Temple |    146 |    146 |      0 |      0 |      0 |   1 |  146.0 |
          Lair |   2216 |   2216 |      0 |   1208 |    599 |   2 | 1108.0 |
         Sewer |    273 |    273 |      0 |      0 |      0 |   1 |  273.0 |
       Ossuary |    164 |    164 |      0 |      0 |      0 |   1 |  164.0 |
               +--------+--------+--------+--------+--------+-----+--------+

Top non-repeatable levels by time:
  Lair:1: 2078 daAuts
     D:5: 1483 daAuts
     D:2: 1141 daAuts
     D:4: 1056 daAuts
     D:1: 1040 daAuts
     D:3: 1025 daAuts
     D:7: 917 daAuts
     D:6: 645 daAuts
     D:8: 606 daAuts
   Sewer: 273 daAuts
 Ossuary: 164 daAuts
  Temple: 146 daAuts
  Lair:2: 138 daAuts
